 Dungeon Crawl Stone Soup version 0.28-a0-863-g8cecda6153 (webtiles) character file.

Game seed: 3631973677040634375

43 freelancePsychic the Skirmisher (level 3, -2/20 HPs)
             Began as a Vine Stalker Fighter on Nov 16, 2021.
             Killed from afar by Sigmund (9 damage)
             ... with a puff of flame
             ... on level 3 of the Dungeon.
             The game lasted 00:03:39 (2083 turns).

freelancePsychic the Skirmisher (VSFi)              Turns: 2083, Time: 00:03:40

Health: -2/20      AC:  8    Str: 19    XL:     3   Next: 58%
Magic:  0/4        EV:  7    Int:  8    God:
Gold:   69         SH:  4    Dex: 13    Spells: 2/2 levels left

rFire   . . .      SeeInvis .   a - +0 rapier
rCold   . . .      Faith    .   c - +0 buckler
rNeg    . . .      Spirit   +   g - +0 chain mail
rPois   .          Reflect  .   (no helmet)
rElec   .          Harm     .   (no cloak)
rCorr   .          Rampage  .   (no gloves)
Will    .....                   (no boots)
Stlth   ..........              (no amulet)
HPRegen 0.06/turn               (no ring)
MPRegen 0.09/turn               (no ring)

@: no status effects
A: fangs 2, magic shield, antimagic bite, no potion heal 2
a: no special abilities


You were on level 3 of the Dungeon.
You visited 1 branch of the dungeon, and saw 3 of its levels.

You collected 69 gold pieces.

Inventory:

Hand Weapons
 a - a +0 rapier (weapon)
Armour
 b - a +0 scale mail
 c - a +0 buckler (worn)
 g - a +0 chain mail (worn)
 h - a +0 plate armour
Potions
 d - a potion of might
 f - a potion of berserk rage
 i - a potion of lignification
 j - a potion of curing {@q1}


   Skills:
 + Level 3.2 Fighting
 * Level 3.0 Short Blades
 - Level 2.4 Armour
 - Level 2.6 Shields


You had 2 spell levels left.
You didn't know any spells.
Your spell library was empty.

Dungeon Overview and Level Annotations

Branches:
Dungeon (3/15)

Altars:

Annotations:
D:3 Sigmund


Innate Abilities, Weirdness & Mutations

You have extremely sharp teeth.
When hurt, damage is shared between your health and your magic reserves.
Your bite disrupts and absorbs the magic of your enemies.
Potions cannot restore your health.


Message History

Something hits you. Something hits you.
A magic dart appears from out of thin air!
The magic dart hits you but does no damage.
Something hits you but does no damage.
You hear some strange, mumbled words.
Something tries to affect you, but you resist.
Something hits you but does no damage.
You recover from your berserk rage.
Something hits you. Something hits you.
Okay, then.
Something hits you but does no damage. Something hits you but does no damage.
Something hits you but does no damage. Something hits you but does no damage.
Something hits you. Something hits you but does no damage. Something hits you.
Something hits you.
Your transformation is almost over.
Sigmund appears from thin air!
Reactivating autopickup.
You block Sigmund's attack. Sigmund casts a spell at you.
You are confused.
Sigmund hits you from afar with a +0 scythe.
Sigmund hits you from afar with a +0 scythe.
You feel your willpower return. Sigmund hits you but does no damage.
Sigmund hits you but does no damage.
You feel less wooden.
Your +0 chain mail unmelds from your body.
You feel less confused.
Sigmund hits you from afar with a +0 scythe.
A hobgoblin comes into view.
The hobgoblin shouts!
Sigmund points at you and mumbles some strange words.
The puff of flame hits you!
You die...

#..)......#
#.#####..## #...
#.############
#.........# #.##
#.# #..
.....###..###.#
#.# #.# ####.
#......# ###.###
#.# .# #.######
#.....# #.# # #.#
#.###.# #.# .# #.#
#. #.#
#####.######.###.#
#>###.#
#......@..........
#.....#
##.....####.@.##.#
###.#####.......#
#.### .
#....(..........#
#.#
#.#.#####.g.....#
#.# #.#.#
##.....## #.# #
#.. ........# #.#
... ......#.....#
### ##.......#####


You could see Sigmund and a hobgoblin.

Vanquished Creatures
  2 adders (D:2)
  2 endoplasms (D:1)
  A giant cockroach (D:1)
  4 goblins
  3 hobgoblins
  3 ball pythons (D:1)
  3 bats
  A frilled lizard (D:1)
  A kobold (D:1)
  5 rats
25 creatures vanquished.

Notes
Turn   | Place    | Note
-------+----------+-------------------------------------------
     0 | D:1      | freelancePsychic the Vine Stalker Fighter began the quest
                  | for the Orb.
     0 | D:1      | Reached XP level 1. HP: 11/11 MP: 2/2
   494 | D:1      | Reached XP level 2. HP: 16/16 MP: 3/3
   767 | D:1      | Found a faded altar of an unknown god.
  1397 | D:2      | Reached XP level 3. HP: 20/20 MP: 4/4
  2029 | D:3      | Noticed Sigmund
  2083 | D:3      | Killed from afar by Sigmund

Illustrated notes

Levels and vault maps discovered:
D:1:      minmay_arrival_five_plusses, layout_loops_corners,
          nicolae_ecumenical_snake_handling, chequers_serial_rivers_micro_e
D:2:      layout_loops_ring
D:3:      layout_loops_ring, uniq_sigmund

Skill      XL: |  1  2  3 |
---------------+----------+-----
Short Blades   | 2 3 |  3.0
Fighting       | 3 |  3.2
Armour         | |  2.4
Shields        | |  2.6

Action                   || total
-------------------------++-------
Melee: Rapier            ||    66
       Bite              ||    16
  Use: Scroll            ||     2
       Potion            ||     3
Armor: Scale mail        ||    21
       Chain mail        ||    15
       Skin              ||    16
Dodge: Dodged            ||    15
Block: Buckler           ||    18

Table legend: (Time is in decaauts)
 A = Elapsed time spent in this place.
 B = Non-inter-level travel time spent in this place.
 C = Inter-level travel time spent in this place.
 D = Time resting spent in this place.
 E = Time spent auto-exploring this place.
 F = Levels seen in this place.
 G = Mean time per level.
                   A        B        C        D        E       F      G
               +--------+--------+--------+--------+--------+-----+--------+
         Total |   2098 |   2044 |     54 |      0 |   1771 |   3 |  699.3 |
       Dungeon |   2098 |   2044 |     54 |      0 |   1771 |   3 |  699.3 |
               +--------+--------+--------+--------+--------+-----+--------+

Top non-repeatable levels by time:
     D:1: 1341 daAuts
     D:2: 609 daAuts
     D:3: 147 daAuts
